 Dungeon Crawl Stone Soup version 0.19.0-2-gae57169 (webtiles) character file.

265267 Jerry the Tortoise (level 20, -8/153 HPs)
             Began as a Gargoyle Fighter on Nov 5, 2016.
             Was a High Priest of Okawaru.
             Splashed by an acid blob's acid (14 damage)
             ... on level 2 of the Depths.
             The game lasted 04:04:35 (34860 turns).

Jerry the Tortoise (Gargoyle Fighter)              Turns: 34860, Time: 04:04:37

Health: -8/153     AC: 54    Str: 35    XL:     20   Next: 7%
Magic:  21/27      EV: 12    Int: 10    God:    Okawaru [*****.]
Gold:   3943       SH: 10    Dex: 14    Spells: 3 memorised, 12 levels left

rFire  + + .     SeeInvis +     C - +6 eveningstar (protect)
rCold  + + +     Gourm    .     U - +3 plate armour {rF+}
rNeg   + . .     Faith    .     A - +2 buckler
rPois  ∞         Spirit   .     i - +2 helmet
rElec  +         Reflect  .     W - +2 cloak {MR+}
rCorr  .         Harm     .     z - +3 pair of gauntlets of War {Slay+5}
MR     +++..                    l - +0 pair of boots of Cowardice {rF+ Str+6}
Stlth  ..........               j - amulet of regeneration
                                H - ring "Huradgh" {MR+ Str+3 SInv}
                                X - ring of Acid {*Drain rC+++ AC+4 Dex+3 SInv}

@: heroism, finesse, corroded, protection aura, flying, very slightly
contaminated, hasted, very quick
A: big wings, talons 1, rugged brown scales 1, negative energy resistance 1,
robust 1, electricity resistance, unbreathing, petrification resistance, rot
immunity, AC +15
a: Stop Flying, Heroism, Finesse, Renounce Religion
}: 2/15 runes: serpentine, barnacled


You were on level 2 of the Depths.
You worshipped Okawaru.
Okawaru was extremely pleased with you.
You were not hungry.

You visited 7 branches of the dungeon, and saw 34 of its levels.
You also visited: Bailey, Ice Cave and Volcano.

You collected 3943 gold pieces.

Inventory:

Hand Weapons
 C - a +6 eveningstar of protection (weapon)
Missiles
 w - 48 javelins of penetration (quivered)
Armour
 i - a +2 helmet (worn)
 l - the +0 pair of boots of Cowardice (worn) {rF+ Str+6}
   (Okawaru gifted it to you on level 4 of the Snake Pit)

   It affects your strength (+6).
   It protects you from fire.
 o - a +2 cloak of invisibility
 z - the +3 pair of gauntlets of War (worn) {Slay+5}
   (You found it in an ice cave)

   It affects your accuracy and damage with ranged weapons and melee attacks
   (+5).
 A - a +2 buckler (worn)
 U - a +3 plate armour of fire resistance (worn)
 W - a +2 cloak of magic resistance (worn)
Jewellery
 a - an uncursed ring of positive energy
 j - an amulet of regeneration (around neck)
 H - the ring "Huradgh" (right hand) {MR+ Str+3 SInv}
   (You found it on level 4 of the Shoals)

   [ring of strength]

   It affects your strength (+3).
   It affects your resistance to hostile enchantments.
   It lets you see invisible.
 X - the ring of Acid (left hand) {*Drain rC+++ AC+4 Dex+3 SInv}
   (You found it in an ice cave)

   [ring of protection]

   It affects your AC (+4).
   It affects your dexterity (+3).
   It renders you almost immune to cold.
   It lets you see invisible.
   It causes draining when unequipped.
Wands
 g - a wand of digging (18/24)
 J - a wand of hasting (3/9)
Scrolls
 b - 3 scrolls of blinking
 c - 8 scrolls of remove curse
 d - 6 scrolls of magic mapping
 h - 2 scrolls of holy word {unknown}
 m - a scroll of enchant armour
 q - 14 scrolls of identify
 s - 7 scrolls of fog
 v - 4 scrolls of teleportation
 y - a scroll of brand weapon {unknown}
 B - a scroll of acquirement {unknown}
 I - 5 scrolls of recharging
 K - 5 scrolls of immolation
 L - a scroll of fear
 Y - a scroll of torment
Potions
 k - 2 potions of might
 u - a potion of cancellation
 D - 2 potions of ambrosia
 M - 4 potions of berserk rage
 N - 7 potions of resistance
 O - 5 potions of invisibility
 R - 9 potions of curing
 S - a potion of haste
 T - 3 potions of agility
Miscellaneous
 n - a box of beasts
Comestibles
 f - 18 bread rations
 p - 16 meat rations
 t - 18 fruits
 x - 4 royal jellies
 E - 2 slices of pizza
 V - 4 beef jerkies


   Skills:
 + Level 17.8(22.8) Fighting
 + Level 19.1(24.1) Maces & Flails
 - Level 20.0(25.0) Armour
 + Level 10.5(15.5) Shields
 - Level 6.3 Necromancy
 - Level 10.5 Invocations


You had 12 spell levels left.
You knew the following spells:

 Your Spells              Type           Power        Failure   Level  Hunger
a - Animate Skeleton      Necr           N/A          10%         1    ##.....
b - Apportation           Tloc           #.........   88%         1    ##.....
c - Aura of Abjuration    Summ           #.........   100%        5    ######.


Dungeon Overview and Level Annotations

Branches:
Dungeon (15/15)            Temple (1/1) D:7            Lair (6/6) D:10
 Shoals (4/4) Lair:4        Snake (4/4) Lair:3        Slime (0/5) Lair:5
    Orc (2/2) D:11            Elf (0/3) Orc:2        Vaults (0/5) D:14
 Depths (2/5) D:15

Altars:
Ashenzari
Cheibriados
Dithmenos
Elyvilon
Fedhas
Gozag
Hepliaklqana
Kikubaaqudgha
Makhleb
Nemelex Xobeh
Okawaru
Qazlal
Ru
Sif Muna
Trog
Uskayaw
Vehumet
Xom
Yredelemnul
Zin
The Shining One
Beogh

Shops:
D:4 %%[!(   D:6 (   D:9 =   D:11 !   Orc:1 *   Orc:2 [:*(   Shoals:1 =
Snake:4 (   Depths:2 }=}

Portals:
Hell: Depths:1
Abyss: Depths:1 Depths:2
Ziggurat: Depths:2


Innate Abilities, Weirdness & Mutations

You are resistant to torment.
Your stone body is resilient. (AC +15)
You are immune to poison.
Your large and strong wings let you fly indefinitely.
You resist negative energy. (rN+)
You are resistant to electric shocks. (rElec)
You can survive without breathing.
You are immune to petrification.
You are immune to rotting.
You have sharp toenails.
You are partially covered in rugged brown scales. (AC +1, +3% HP)
You are robust. (+10% HP)


Message History

The splash of acid hits you! The acid corrodes you!
You are splashed with acid!
The acid burns!
* * * LOW HITPOINT WARNING * * *
The acid blob spits acid at you. The splash of acid hits you!
* * * LOW HITPOINT WARNING * * *
You are splashed with acid!
The acid burns!
* * * LOW HITPOINT WARNING * * *
You spit the acid blob like a pig!!!
Your hands burn!
* * * LOW HITPOINT WARNING * * *
The acid blob is heavily wounded.
You feel yourself speed up. The acid blob closely misses you.
You are very lightly contaminated with residual magic.
You impale the acid blob!! The acid corrodes you!
Your hands burn!
* * * LOW HITPOINT WARNING * * *
The acid blob is severely wounded.
The acid blob spits acid at you. The splash of acid hits you!
The acid corrodes you!
You are splashed with acid!
The acid burns!
You die...

#....#Z....##.#.....#.....###
#....#....###......###....##.
##.................)).........
#..................)#.##......
##..)∩..............####......
#.#....####)[####...##.......
###.#.##≈≈≈.)≈≈≈##..#........
#...##≈≈≈≈.J≈≈≈≈##..........
##.##≈≈≈≈≈.@≈≈≈≈≈##.........
###≈≈≈≈≈≈..≈≈≈≈≈≈##........
#≈≈≈≈≈≈≈..≈≈≈≈≈≈≈##.......
≈≈≈≈≈≈≈≈..≈≈≈≈≈≈≈≈#....≈).
≈≈≈≈≈≈≈≈..≈≈≈≈≈≈≈≈#.....))
≈≈≈≈≈≈≈♣..♣≈≈≈≈≈≈≈#....))(
≈≈≈≈≈≈≈.≈≈.≈≈≈≈≈≈≈#..(.)))
≈≈≈≈≈≈≈.≈≈.≈≈≈≈≈≈≈#....≈§§
≈≈≈≈≈≈≈♣.(♣≈≈≈≈≈≈≈#...>≈≈.


You could see an acid blob.

Vanquished Creatures
  A juggernaut (Depths:1)
  Bai Suzhen (Snake:4)
  A caustic shrike (Depths:1)
  Nikola (Depths:1)
  Rupert (Lair:5)
  The ghost of Tyryt0 the Imperceptible, an adept OpFi of Ashenzari (Shoals:4)
  An Ice Fiend (IceCv)
  4 krakens (Shoals:4)
  An acid blob (Depths:2)
  8 nagarajas
  A shadow dragon (Depths:2)
  Donald (Shoals:4)
  A tengu reaver (Depths:1)
  2 fire giants (Depths:2)
  2 azure jellies (Depths:2)
  A frost giant (Depths:2)
  Ilsuiw (Shoals:4)
  2 orc warlords
  Aizul (Depths:1)
  The ghost of Athtar123 the Executioner, a journeyman MiBe of Trog (Lair:6)
  4 stone giants
  9 very ugly things
  Azrael (Orc:2)
  A dire elephant (D:15)
  The ghost of muxecoid the Basher, a journeyman TrFi of the Shining One (Shoals:1)
  6 merfolk javelineers
  2 ettins
  2 fire dragons (Depths:1)
  7 death oozes (Depths:2)
  4 merfolk impalers
  3 great orbs of eyes
  6 hydras
  A rakshasa (Depths:1)
  2 catoblepae
  11 naga warriors
  11 anacondas
  Harold (Lair:2)
  4 ice dragons
  2 ogre magi
  3 merfolk avatars
  6 centaur warriors
  The ghost of freekh the Fighter, a novice DrTm of Okawaru (D:11)
  4 merfolk aquamancers
  3 satyrs
  An alligator snapping turtle (Shoals:2)
  A vampire mage (Depths:1)
  2 tengu warriors
  2 deep troll shamans (Depths:2)
  An orc high priest (Orc:2)
  8 naga sharpshooters
  4 deep troll earth magi
  2 shock serpents
  Sonja (D:14)
  A hell knight (Volcano)
  A salamander mystic (Volcano)
  13 sea snakes
  An iron troll (Depths:2)
  A flayed ghost (Depths:2)
  2 unseen horrors
  2 naga ritualists
  5 deep trolls
  A glowing orange brain (Depths:1)
  8 hill giants
  4 mana vipers
  2 harpies (Shoals:4)
  A harpy (shapeshifter) (Depths:2)
  A wolf spider (D:15)
  A necromancer (Depths:1)
  2 deep elf magi
  7 orc knights
  A wolf spider zombie (D:15)
  15 fauns
  A lindwurm (Lair:3)
  11 orc sorcerers
  7 salamanders
  2 cyclopes
  10 ugly things
  12 manticores
  9 sirens
  6 naga magi
  9 elephants
  3 water nymphs
  An ice statue (IceCv)
  28 black mambas
  2 gargoyles
  A molten gargoyle (D:14)
  18 spiny frogs
  A yaktaur (shapeshifter) (Depths:1)
  2 rime drakes (Lair:6)
  11 komodo dragons
  4 freezing wraiths (IceCv)
  An anaconda simulacrum (IceCv)
  3 yaktaurs
  A golden dragon simulacrum (IceCv)
  6 ice devils (IceCv)
  4 tengu conjurers
  8 trolls
  13 merfolk
  6 wind drakes
  A polar bear (Lair:3)
  Grinder (D:3)
  A hornet (D:12)
  4 two-headed ogres
  11 slime creatures
  8 hippogriffs
  6 snapping turtles
  12 blink frogs
  15 dream sheep
  6 redbacks (Snake:3)
  8 wyverns
  14 water elementals
  A spriggan (D:7)
  2 dire elephant simulacra (IceCv)
  7 wraiths
  19 yaks
  A shadow (D:15)
  4 fire elementals
  A vampire (D:15)
  3 steam dragons
  5 basilisks
  A redback simulacrum (D:15)
  A mottled dragon (D:15)
  A hungry ghost (D:8)
  5 harpy simulacra (IceCv)
  A death yak simulacrum (IceCv)
  37 nagas
  A soldier ant (D:15)
  A warg (Orc:2)
  An iron troll simulacrum (IceCv)
  6 hydra simulacra (IceCv)
  29 water moccasins
  2 hell hounds (Orc:2)
  44 orc warriors
  3 porcupines
  3 ettin simulacra (IceCv)
  A hornet zombie (D:10)
  2 sky beasts
  An alligator simulacrum (IceCv)
  14 ogres
  An ice beast (D:5)
  An eye of draining (D:11)
  2 black bears
  A wolf (Lair:6)
  A wolf (shapeshifter) (D:13)
  5 boggarts
  9 centaurs
  16 crocodiles
  A big kobold (D:11)
  23 bullfrogs
  2 gnoll sergeants
  A water moccasin zombie (D:11)
  A wyvern skeleton (D:12)
  2 scorpions
  7 wights
  2 howler monkeys
  2 electric eels (Lair:3)
  5 crimson imps
  A lava snake (D:14)
  6 draconian simulacra (IceCv)
  Crazy Yiuf (D:4)
  3 bullfrog skeletons
  10 hounds
  10 jellies
  20 orc priests
  8 centaur skeletons
  Terence (D:3)
  20 orc wizards
  3 iguanas
  4 troll simulacra (IceCv)
  10 worker ants
  A killer bee zombie (D:6)
  A spriggan simulacrum (IceCv)
  2 centaur simulacra (IceCv)
  2 howler monkey zombies
  Robin (D:3)
  21 gnolls
  14 adders
  2 howler monkey skeletons
  An ogre simulacrum (IceCv)
  A river rat (Lair:5)
  2 naga simulacra (IceCv)
  A shadow imp (D:8)
  4 white imps (IceCv)
  5 ufetubi (IceCv)
  3 oozes
  An adder zombie (D:8)
  3 worms (D:3)
  2 dart slugs
  5 leopard geckos
  85 orcs
  16 bats
  4 giant cockroaches
  20 goblins
  7 hobgoblins
  23 jackals
  8 kobolds
  7 quokkas
  8 ball pythons
  5 frilled lizards
  A jackal zombie (D:6)
  A leopard gecko skeleton (D:4)
  2 quokka zombies
  6 rats
  2 plants
  A tentacle (Shoals:4)
1130 creatures vanquished.

Vanquished Creatures (collateral kills)
  An azure jelly (Depths:2)
  A fire giant (Depths:1)
  An orc warlord (Orc:1)
  4 merfolk javelineers
  Josephine (Shoals:1)
  A merfolk impaler (Depths:2)
  A naga warrior (Snake:3)
  2 hydras
  2 centaur warriors (D:15)
  A merfolk avatar (Shoals:2)
  An anaconda (Snake:3)
  An ice dragon (Depths:1)
  A merfolk aquamancer (Shoals:4)
  A tengu warrior (Depths:2)
  2 sea snakes
  A deep elf mage (D:10)
  A mana viper (Snake:4)
  2 harpies (Shoals:4)
  2 fauns (Shoals:4)
  An ugly thing (Depths:1)
  2 manticores
  3 slime creatures (D:14)
  2 black mambas
  A guardian serpent (shapeshifter) (Depths:2)
  An elephant (Lair:4)
  A spiny frog (Lair:6)
  2 water nymphs
  2 wind drakes
  A blink frog (Lair:4)
  6 merfolk
  A dream sheep (Shoals:4)
  2 snapping turtles
  2 hippogriffs (Lair:6)
  2 redbacks (Snake:3)
  A water elemental (Shoals:4)
  A basilisk (D:15)
  2 yaks (Lair:4)
  2 hungry ghosts
  3 nagas
  A black bear (D:10)
  2 orc warriors
  A boggart (Depths:1)
  4 centaurs (Depths:2)
  A crocodile (Lair:5)
  A bullfrog (D:9)
  3 wights
  An electric eel (Lair:4)
  A jelly (Depths:2)
  An orc priest (Orc:1)
  A gnoll shaman (D:9)
  A worker ant (D:10)
  A hound zombie (D:9)
  8 gnolls (D:9)
  4 orcs
  3 fungi
  9 plants
108 creatures vanquished.

Vanquished Creatures (others)
  An anaconda (shapeshifter) (Depths:1)
  A hell hound (Orc:2)
  An orc priest (Orc:1)
  A gnoll (Orc:1)
  An orc (Orc:2)
  12 fungi
  33 plants
  27 tentacles (Shoals:4)
  8 toadstools (Lair:3)
85 creatures vanquished.

Grand Total: 1323 creatures vanquished

Notes
Turn   | Place    | Note
-------+----------+-------------------------------------------
     0 | D:1      | Jerry the Gargoyle Fighter began the quest for the Orb.
     0 | D:1      | Reached XP level 1. HP: 14/14 MP: 1/1
    95 | D:1      | Reached XP level 2. HP: 16/19 MP: 2/2
   168 | D:1      | Reached XP level 3. HP: 19/23 MP: 3/3
   719 | D:2      | Reached skill level 4 in Armour
   764 | D:2      | Reached XP level 4. HP: 24/28 MP: 4/4
  1131 | D:2      | Found a faded altar of an unknown god.
  1131 | D:2      | Found a faded altar of an unknown god.
  1136 | D:2      | Found a faded altar of an unknown god.
  1138 | D:2      | Found a hazy altar of Hepliaklqana.
  1140 | D:2      | Found a faded altar of an unknown god.
  1405 | D:3      | Noticed Grinder
  1432 | D:2      | Reached XP level 5. HP: 25/32 MP: 5/5
  1524 | D:3      | Killed Grinder
  1524 | D:3      | Reached skill level 5 in Armour
  1524 | D:3      | Reached skill level 5 in Shields
  1524 | D:3      | Reached XP level 6. HP: 37/37 MP: 6/6
  1661 | D:3      | Noticed Terence
  1672 | D:3      | Killed Terence
  1998 | D:3      | Found a stormy altar of Qazlal.
  2053 | D:3      | Found a burning altar of Makhleb.
  2059 | D:3      | Reached XP level 7. HP: 35/41 MP: 7/7
  2146 | D:4      | Found Ydait's Distillery.
  2160 | D:4      | Noticed Robin
  2307 | D:3      | Killed Robin
  2307 | D:3      | Reached skill level 5 in Maces & Flails
  2433 | D:4      | Found Tepys's Food Emporium.
  2502 | D:4      | Found Gipek's Weapon Boutique.
  2573 | D:4      | Found Milaote's Food Boutique.
  2597 | D:4      | Reached skill level 6 in Armour
  2823 | D:4      | Found Tymiapt's Antique Armour Shop.
  2935 | D:4      | Found a runed door.
  3098 | D:4      | Noticed Crazy Yiuf
  3114 | D:4      | Killed Crazy Yiuf
  3114 | D:4      | Reached XP level 8. HP: 46/46 MP: 8/8
  3194 | D:5      | Entered Level 5 of the Dungeon
  3301 | D:5      | Learned a level 1 spell: Animate Skeleton
  3356 | D:5      | Reached skill level 7 in Armour
  3617 | D:5      | Reached skill level 1 in Necromancy
  4500 | D:6      | Reached skill level 8 in Armour
  4513 | D:6      | Noticed a two-headed ogre
  4544 | D:6      | Reached XP level 9. HP: 39/51 MP: 9/9
  4686 | D:6      | Killed a two-headed ogre
  5517 | D:6      | Found Xyowkag's Antique Weapon Shop.
  5862 | D:7      | Reached skill level 9 in Armour
  5881 | D:7      | Found a glowing golden altar of the Shining One.
  6149 | D:8      | Reached skill level 5 in Fighting
  6798 | D:8      | Reached XP level 10. HP: 22/59 MP: 10/10
  7184 | D:7      | Gained mutation: You are robust. (+10% HP) [potion of mutation]
  7184 | D:7      | Gained mutation: You have sharp toenails. [potion of mutation]
  7184 | D:7      | Gained mutation: You are partially covered in rugged brown scales. (AC +1, +3% HP) [potion of mutation]
  7227 | D:7      | Reached skill level 10 in Armour
  7486 | D:7      | Found a staircase to the Ecumenical Temple.
  7505 | D:7      | Found a hide-covered altar of Uskayaw.
  7508 | D:7      | Noticed a hand axe
  7509 | D:7      | Noticed a dagger
  7515 | Temple   | Entered the Ecumenical Temple
  7650 | Temple   | Became a worshipper of Warmaster Okawaru
  8124 | D:9      | Found Sataz's Jewellery Boutique.
  8173 | D:9      | Reached * piety under Okawaru
  8581 | D:9      | Learned a level 1 spell: Apportation
  8594 | D:10     | Entered Level 10 of the Dungeon
  8640 | D:9      | Killed an unseen horror
  8842 | D:10     | Noticed a hill giant
  8852 | D:10     | Killed a hill giant
  8852 | D:10     | Reached ** piety under Okawaru
  8852 | D:10     | Reached skill level 11 in Armour
  8895 | D:10     | Found a hazy altar of Hepliaklqana.
  8958 | D:10     | Found a staircase to the Lair.
  8958 | D:10     | Noticed an elephant
  8985 | D:10     | Killed an elephant
  8985 | D:10     | Reached skill level 10 in Maces & Flails
  8985 | D:10     | Reached XP level 11. HP: 61/76 MP: 9/11
  9065 | D:10     | Identified Rejueq's Tome of Arcane Weapons
  9104 | D:10     | Reached *** piety under Okawaru
  9104 | D:10     | Reached skill level 1 in Invocations
  9245 | D:10     | Noticed a hill giant
  9254 | D:10     | Killed a hill giant
  9275 | D:10     | Found a sacrificial altar of Ru.
  9298 | D:10     | Noticed a deep elf mage
  9324 | D:10     | Killed a deep elf mage
  9508 | D:11     | Noticed a hill giant
  9527 | Lair:1   | Entered Level 1 of the Lair of Beasts
  9539 | Lair:1   | Noticed a six-headed hydra
  9547 | Lair:1   | Killed a six-headed hydra
  9547 | Lair:1   | Reached **** piety under Okawaru
  9718 | Lair:1   | Reached skill level 12 in Armour
 10419 | Lair:2   | Noticed a seven-headed hydra
 10440 | Lair:1   | Killed a seven-headed hydra
 10445 | Lair:2   | Reached ***** piety under Okawaru
 10445 | Lair:2   | Reached skill level 5 in Invocations
 10904 | Lair:2   | Reached XP level 12. HP: 43/83 MP: 16/16
 11272 | Lair:2   | Received a gift from Okawaru
 11318 | Lair:2   | Noticed Harold
 11331 | Lair:2   | Killed Harold
 12215 | Lair:3   | Found a staircase to the Snake Pit.
 12403 | Lair:3   | Reached skill level 13 in Armour
 12738 | Lair:3   | Found a runed door.
 13064 | Lair:3   | Noticed a catoblepas
 13092 | Lair:3   | Killed a catoblepas
 13098 | Lair:3   | Got an ancient flail
 13100 | Lair:3   | Identified the +4 flail "Risegeh" {crush, rC+ Str+3} (You found it on level 3 of the Lair of Beasts)
 13526 | Lair:4   | Reached XP level 13. HP: 88/88 MP: 19/19
 13638 | Lair:4   | Found a deep blue altar of Sif Muna.
 13748 | Lair:4   | Reached skill level 14 in Armour
 13816 | Lair:4   | Received a gift from Okawaru
 13880 | Lair:4   | Found a staircase to the Shoals.
 14210 | Lair:5   | Noticed Rupert
 14234 | Lair:5   | Paralysed by Rupert for 6 turns
 14252 | Lair:5   | Killed Rupert
 14335 | Lair:5   | Reached ****** piety under Okawaru
 14335 | Lair:5   | Reached skill level 10 in Invocations
 14402 | Lair:5   | Found a dark tunnel.
 14429 | Volcano  | Entered a volcano
 14477 | Volcano  | Found a bloodstained altar of Trog.
 14632 | Volcano  | Received a gift from Okawaru
 15430 | Lair:5   | Found a staircase to the Slime Pits.
 15743 | Lair:6   | Entered Level 6 of the Lair of Beasts
 16314 | Lair:6   | Gained mutation: Your large and strong wings let you fly indefinitely. [Gargoyle growth]
 16314 | Lair:6   | Reached XP level 14. HP: 74/94 MP: 21/21
 16321 | Lair:6   | Noticed Athtar123's ghost (journeyman MiBe)
 16383 | Lair:6   | Killed Athtar123's ghost
 16383 | Lair:6   | Reached skill level 15 in Armour
 16716 | Lair:6   | Received a gift from Okawaru
 17014 | Lair:6   | Reached skill level 10 in Fighting
 17232 | Snake:1  | Entered Level 1 of the Snake Pit
 18428 | Snake:2  | Received a gift from Okawaru
 18575 | Snake:2  | Reached skill level 16 in Armour
 18584 | Snake:2  | Reached XP level 15. HP: 68/106 MP: 6/22
 18602 | Snake:2  | Reached skill level 15 in Maces & Flails
 19612 | Snake:3  | Noticed a nagaraja
 19622 | Snake:3  | Killed a nagaraja
 19838 | Snake:3  | Noticed a nagaraja
 19850 | Snake:3  | Killed a nagaraja
 20098 | Snake:3  | Reached skill level 5 in Necromancy
 20183 | Snake:4  | Entered Level 4 of the Snake Pit
 20509 | Snake:4  | Found Iluadaw's Antique Weapon Shoppe.
 20585 | Snake:4  | Noticed Bai Suzhen
 20622 | Snake:4  | Killed Bai Suzhen
 20622 | Snake:4  | Received a gift from Okawaru
 20640 | Snake:4  | Received a gift from Okawaru
 20670 | Snake:4  | Got a pair of jewelled boots {god gift}
 20676 | Snake:4  | Noticed a nagaraja
 20684 | Snake:4  | Killed a nagaraja
 20695 | Snake:4  | Noticed a nagaraja
 20696 | Snake:4  | Noticed a nagaraja
 20709 | Snake:4  | Killed a nagaraja
 20713 | Snake:4  | Killed a nagaraja
 21059 | Snake:4  | Noticed a nagaraja
 21068 | Snake:4  | Killed a nagaraja
 21068 | Snake:4  | Reached XP level 16. HP: 111/115 MP: 23/23
 21389 | Snake:4  | Noticed a nagaraja
 21401 | Snake:4  | Reached skill level 17 in Armour
 21404 | Snake:4  | Killed a nagaraja
 21430 | Snake:4  | Noticed a nagaraja
 21452 | Snake:4  | Killed a nagaraja
 21631 | Snake:4  | Got a serpentine rune of Zot
 21853 | Lair:2   | Identified the +0 pair of boots of Cowardice {rF+ Str+6} (Okawaru gifted it to you on level 4 of the Snake Pit)
 21868 | Lair:2   | Learned a level 5 spell: Aura of Abjuration
 21930 | Shoals:1 | Entered Level 1 of the Shoals
 21970 | Shoals:1 | Received a gift from Okawaru
 22065 | Shoals:1 | Noticed muxecoid's ghost (journeyman TrFi)
 22085 | Shoals:1 | Killed muxecoid's ghost
 22122 | Shoals:1 | Found Ugraedagh's Jewellery Shoppe.
 22454 | Shoals:1 | Noticed Josephine
 22463 | Shoals:1 | Killed Josephine
 23575 | Shoals:3 | Found a frozen archway.
 23628 | IceCv    | Entered an ice cave
 24015 | IceCv    | Received a gift from Okawaru
 24173 | IceCv    | Noticed an Ice Fiend
 24208 | IceCv    | Killed an Ice Fiend
 24208 | IceCv    | Reached skill level 18 in Armour
 24293 | IceCv    | Identified the Guide on the Snowflakes and Evil
 24310 | IceCv    | Got a twitching lapis lazuli ring
 24313 | IceCv    | Got a translucent hat
 24325 | IceCv    | Identified the +0 hat of the Crypt {rF- rN+ Dex+6} (You found it in an ice cave)
 24327 | IceCv    | Identified the ring of Acid {*Drain rC+++ AC+4 Dex+3 SInv} (You found it in an ice cave)
 24572 | Shoals:3 | Reached XP level 17. HP: 113/124 MP: 24/24
 24625 | Shoals:3 | Got a spiked cloak
 24626 | Shoals:3 | Identified the +0 cloak of Misanthropy {Str-3 Dex+3 SInv Stlth+} (You found it on level 3 of the Shoals)
 25461 | Shoals:4 | Entered Level 4 of the Shoals
 25461 | Shoals:4 | Noticed a kraken
 25461 | Shoals:4 | Noticed a kraken
 25461 | Shoals:4 | Noticed a kraken
 25461 | Shoals:4 | Noticed a kraken
 25485 | Shoals:4 | Killed a kraken
 25512 | Shoals:4 | Killed a kraken
 25545 | Shoals:4 | Killed a kraken
 25558 | Shoals:4 | Noticed Tyryt0's ghost (adept OpFi)
 25636 | Shoals:4 | Killed Tyryt0's ghost
 25663 | Shoals:4 | Killed a kraken
 25717 | Shoals:4 | Received a gift from Okawaru
 25722 | Shoals:4 | Got a fine chain mail {god gift}
 25923 | Shoals:4 | Got a scorched marble ring
 25924 | Shoals:4 | Identified the ring "Huradgh" {MR+ Str+3 SInv} (You found it on level 4 of the Shoals)
 25927 | Shoals:4 | Identified the +8 chain mail of the Flute {rPois rN+++ Str-4 Dex-5} (Okawaru gifted it to you on level 4 of the Shoals)
 26134 | Shoals:4 | Noticed Donald
 26157 | Shoals:4 | Killed Donald
 26157 | Shoals:4 | Reached skill level 15 in Fighting
 26287 | Shoals:4 | Got a barnacled rune of Zot
 26295 | Shoals:4 | Noticed Ilsuiw
 26316 | Shoals:4 | Killed Ilsuiw
 26740 | Shoals:4 | Identified the Compendium of Excruciating Intoxication
 27076 | Shoals:4 | Got an amethyst-encrusted scale mail
 27220 | Lair:2   | Identified the +2 scale mail of the Lily {*Contam rElec Str+3 Slay+6} (You took it off a merfolk impaler on level 4 of the Shoals)
 27351 | D:11     | Noticed freekh's ghost (novice DrTm)
 27496 | D:11     | Killed freekh's ghost
 27499 | D:11     | Reached skill level 19 in Armour
 27529 | D:11     | Found Xiesu's Distillery.
 27543 | D:11     | Reached XP level 18. HP: 129/134 MP: 13/25
 27732 | D:11     | Found a roughly hewn altar of Beogh.
 27732 | D:11     | Found a staircase to the Orcish Mines.
 27905 | Orc:1    | Entered Level 1 of the Orcish Mines
 27951 | Orc:1    | Found a flagged portal.
 28103 | Orc:1    | Found Beef's Bounteous Boutique.
 28344 | Bailey   | Entered a bailey
 28540 | Orc:2    | Entered Level 2 of the Orcish Mines
 28540 | Orc:2    | Found Lisesall's General Store.
 28628 | Orc:2    | Noticed Azrael
 28630 | Orc:2    | Found Comisch's Book Boutique.
 28653 | Orc:2    | Killed Azrael
 28688 | Orc:2    | Found a staircase to the Elven Halls.
 28694 | Orc:2    | Found Gugeraq's Antique Weapon Boutique.
 28896 | Orc:2    | Found Yczegun's Antique Armour Boutique.
 28913 | Orc:2    | Received a gift from Okawaru
 29261 | Orc:2    | Found a roughly hewn altar of Beogh.
 31759 | D:14     | Found a gate to the Vaults.
 31912 | D:14     | Noticed Sonja
 31929 | D:14     | Killed Sonja
 32044 | D:15     | Entered Level 15 of the Dungeon
 32144 | D:15     | Found a staircase to the Depths.
 32494 | D:15     | Identified Houhus's Almanac of the Blaze and the Mountains
 32638 | D:15     | Found a radiant altar of Vehumet.
 32671 | D:15     | Found a glowing golden altar of the Shining One.
 32816 | Depths:1 | Entered Level 1 of the Depths
 32831 | Depths:1 | Noticed Aizul
 32849 | Depths:1 | Killed Aizul
 33182 | Depths:1 | Found a one-way gate to the infinite horrors of the Abyss.
 33274 | Depths:1 | Noticed a caustic shrike
 33288 | Depths:1 | Killed a caustic shrike
 33288 | Depths:1 | Reached XP level 19. HP: 112/143 MP: 19/26
 33618 | Depths:1 | Noticed Nikola
 33635 | Depths:1 | Killed Nikola
 33635 | Depths:1 | Received a gift from Okawaru
 33635 | Depths:1 | Reached skill level 20 in Armour
 33671 | Depths:1 | Found a gateway to Hell.
 33873 | Depths:2 | Noticed a juggernaut
 33897 | Depths:1 | Killed a juggernaut
 34235 | Depths:2 | Found a gateway to a ziggurat.
 34289 | Depths:2 | Found Pooheir's Gadget Emporium.
 34290 | Depths:2 | Found Zomme's Jewellery Shop.
 34291 | Depths:2 | Found Ruarr's Gadget Emporium.
 34472 | Depths:2 | Received a gift from Okawaru
 34565 | Depths:2 | Reached skill level 10 in Shields
 34682 | Depths:2 | Received a gift from Okawaru
 34696 | Depths:2 | Reached XP level 20. HP: 106/153 MP: 21/27
 34860 | Depths:2 | HP: 5/153 [acid (5)]
 34860 | Depths:2 | Splashed by an acid blob's acid

Skill      XL: |  1  2  3  4  5  6  7  8  9 10 11 12 13 14 15 16 17 18 19 |
---------------+----------------------------------------------------------+-----
Armour         | 4 5 6 8 9 11 12 13 14 16 18 19 20 | 20.0
Shields        | 4 5 7 10 | 10.5
Maces & Flails | 3 4 6 7 8 10 11 12 13 14 15 16 17 18 19 | 19.1
Necromancy     | 2 3 6 |  6.3
Fighting       | 5 8 11 12 13 15 16 17 | 17.8
Invocations    | 5 8 10 | 10.5

Action                   |  1- 3 |  4- 6 |  7- 9 | 10-12 | 13-15 | 16-18 | 19-21 || total
-------------------------+-------+-------+-------+-------+-------+-------+-------++-------
Melee: Flail             |   171 |   189 |   524 |   245 |   407 |       |       ||  1536
       Unarmed           |       |       |     4 |       |       |       |       ||     4
       Kick              |       |       |       |   103 |       |       |       ||   103
       Morningstar       |       |       |       |   372 |   765 |   949 |       ||  2086
       Eveningstar       |       |       |       |       |       |   898 |   409 ||  1307
Throw: Javelin           |       |       |       |       |       |     1 |       ||     1
 Cast: Animate Skeleton  |       |       |     5 |    34 |    43 |   130 |    21 ||   233
Invok: Heroism           |       |       |       |    14 |    19 |    30 |     7 ||    70
       Finesse           |       |       |       |     2 |     2 |    11 |     6 ||    21
 Abil: Stop Flying       |       |       |       |     2 |     2 |     3 |       ||     7
       Evoke Flight      |       |       |       |     1 |     2 |       |       ||     3
       Fly               |       |       |       |       |     1 |     2 |     1 ||     4
Evoke: Wand              |       |       |       |       |     3 |     2 |       ||     5
  Use: Potion            |       |     1 |     3 |    11 |       |     3 |     2 ||    20
       Scroll            |       |       |       |    16 |    12 |    12 |     2 ||    42
 Stab: Distracted        |       |       |       |     6 |     4 |    16 |     5 ||    31
       Petrified         |       |       |       |       |     7 |       |       ||     7
  Eat: Chunk             |       |     5 |    16 |    25 |    19 |    44 |     7 ||   116
       Beef jerky        |       |       |       |       |     6 |       |       ||     6
       Pizza             |       |       |       |       |     1 |       |       ||     1
       Fruit             |       |       |       |       |       |     6 |       ||     6
Armor: Scale mail        |   117 |   140 |   351 |       |       |       |       ||   608
       Skin              |       |       |     1 |       |       |       |       ||     1
       Steam dragon scal |       |       |       |   350 |   115 |       |       ||   465
       Plate armour      |       |       |       |       |   707 |  1086 |   324 ||  2117
Dodge: Dodged            |    86 |    70 |   247 |   292 |   361 |   583 |   128 ||  1767
Block: Shield            |   109 |    88 |       |       |       |       |       ||   197
       Buckler           |       |       |    95 |   109 |   338 |   571 |   146 ||  1259
